 Dungeon Crawl Stone Soup version 0.17-a0-1763-g847a857 (webtiles) character file.

1731 Izanagi the Skirmisher (level 9, -8/57 HPs)
             Began as a Gargoyle Fighter on Sept 4, 2015.
             Was a Follower of the Shining One.
             Killed by nerve-wracking pain
             ... invoked by an orc priest
              (11 damage)
             ... on level 6 of the Dungeon.
             The game lasted 00:29:30 (6321 turns).

Izanagi the Skirmisher (Gargoyle Fighter)           Turns: 6321, Time: 00:29:30

Health: -8/57      AC: 19    Str: 24    XL:     9   Next: 5%
Magic:  9/9        EV:  8    Int:  8    God:    the Shining One [*.....]
Gold:   367        SH: 11    Dex:  9    Spells: 0 memorised, 8 levels left

rFire  . . .     SeeInvis .     s - +2 flail (holy)
rCold  . . .     Clarity  +     x - +4 scale mail {rN+}
rNeg   + + .     SustAt   .     y - +0 shield
rPois  ∞         Gourm    .     n - +0 helmet
rElec  +         Spirit   .     c - +0 cloak
rCorr  .         Warding  .     (no gloves)
rMut   .         Stasis   .     (no boots)
MR     .....                    u - amulet of clarity
Stlth  +.........               d - ring of stealth
                                g - ring of poison resistance

@: glowing, not resistant to hostile enchantments, very unstealthy
A: negative energy resistance 1, electricity resistance, unbreathing,
petrification resistance, rot immunity, AC +5
a: Renounce Religion


You were on level 6 of the Dungeon.
You worshipped the Shining One.
The Shining One was aware of your devotion.
You were not hungry.

You visited 2 branches of the dungeon, and saw 7 of its levels.

You collected 367 gold pieces.

Inventory:

Hand weapons
 a - a +0 flail
 s - a +2 flail of holy wrath (weapon)
Missiles
 o - 2 needles of frenzy
 w - 4 needles of slowing
 E - 8 needles of confusion
Armour
 c - a +0 cloak (worn)
 n - a +0 helmet (worn)
 x - a +4 scale mail of positive energy (worn)
 y - a +0 shield (worn)
Jewellery
 d - a ring of stealth (right hand)
 g - a ring of poison resistance (left hand)
 r - an uncursed amulet of resist corrosion
 u - an amulet of clarity (around neck)
 D - an uncursed amulet of the gourmand
Magical devices
 p - a wand of lightning (7)
Scrolls
 b - a scroll of magic mapping
 h - 3 scrolls of recharging
 k - 4 scrolls of remove curse
 l - a scroll of blinking
 m - 2 scrolls of fog
 t - 2 scrolls of teleportation
 z - a scroll of amnesia {unknown}
 C - a scroll of immolation {unknown}
Potions
 f - a potion of agility
 i - a potion of haste
 v - a potion of curing {unknown}
 B - a potion of flight {unknown}
Comestibles
 e - 6 bread rations
 j - 3 slices of pizza
 A - a beef jerky


   Skills:
 * Level 7.5 Fighting
 + Level 5.6 Maces & Flails
 + Level 6.2 Armour
 + Level 7.4 Shields


You had 8 spell levels left.
You didn't know any spells.

Dungeon Overview and Level Annotations

Branches:
Dungeon (6/15)             Temple (1/1) D:4

Altars:
Ashenzari
Dithmenos
Elyvilon
Fedhas
Gozag
Kikubaaqudgha
Makhleb
Nemelex Xobeh
Okawaru
Qazlal
Ru
Trog
Vehumet
Xom
Yredelemnul
Zin
The Shining One


Innate Abilities, Weirdness & Mutations

You are resistant to torment.
Your stone body is resilient (AC +5).
You are immune to poison.
You resist negative energy.
You are resistant to electric shocks.
You can survive without breathing.
You are immune to petrification.
You are immune to rotting.


Message History

Something smites you!
You closely miss the orc. You block the orc's attack.
The orc priest casts a cantrip, but nothing happens.
The orc priest invokes the aid of Beogh against you.
Something smites you!
You thump the orc!
You kill the orc!
The orc priest mumbles some strange prayers to Beogh against you.
Something smites you!
The orc priest mumbles some strange prayers to Beogh against you.
Something smites you!
The orc priest mumbles some strange prayers to Beogh against you.
Something smites you!
* * * LOW HITPOINT WARNING * * *
Unknown command.
Drink which item? (? for menu, Esc to quit)
Okay, then.
The orc priest mumbles some strange prayers to Beogh against you.
Pain shoots through your body!
You die...

####### #######
##############.....# #.....#
........#....#.....# #.....#
........#.o........# #.....#
........#o...#@....# #.†...#
.......o)....#.....# #.....#
........#....#.....# #.....#
#....##.####+#.....#####.....##
#... #.# #...................#
... #.. #...................#
.. #...#...................# .
....#...................#
#.......................#


You could see an orc priest.

Vanquished Creatures
  Grinder (Temple)
  Edmund (D:4)
  The ghost of Gargoyl the Skirmisher, an average DsAK of Lugonu (D:3)
  3 ogres
  A centaur (D:3)
  2 giant frogs (D:6)
  A gnoll sergeant (D:5)
  A scorpion (D:4)
  2 jellies (D:6)
  2 crimson imps
  2 orc priests (D:4)
  An orc wizard (D:4)
  Ijyb (D:3)
  A gnoll shaman (D:5)
  A giant frog skeleton (D:5)
  4 worker ants
  Robin (D:4)
  11 gnolls (D:5)
  9 adders
  A shadow imp (D:6)
  An ooze (D:4)
  3 worms
  7 giant geckos
  9 orcs
  4 bats
  5 giant cockroaches
  22 hobgoblins
  4 jackals (D:2)
  10 kobolds
  2 quokkas
  A ball python (D:3)
  A ball python skeleton (D:4)
  5 giant newts
  9 goblins
  A jackal skeleton (D:6)
  A quokka zombie (D:6)
  12 rats
144 creatures vanquished.

Notes
Turn   | Place    | Note
--------------------------------------------------------------
     0 | D:1      | Izanagi the Gargoyle Fighter began the quest for the Orb.
     0 | D:1      | Reached XP level 1. HP: 14/14 MP: 1/1
   100 | D:1      | Reached XP level 2. HP: 17/19 MP: 2/2
   474 | D:1      | Reached XP level 3. HP: 24/24 MP: 3/3
   809 | D:2      | Found a glowing golden altar of the Shining One.
   824 | D:2      | Reached skill level 4 in Fighting
   855 | D:2      | Became a worshipper of the Shining One
  1149 | D:2      | Found a bloodstained altar of Trog.
  1331 | D:2      | Reached XP level 4. HP: 26/29 MP: 4/4
  1483 | D:3      | Noticed Ijyb
  1499 | D:3      | Killed Ijyb
  1726 | D:3      | Found a faded altar to an unknown god.
  1798 | D:3      | Found a sparkling altar of Nemelex Xobeh.
  1798 | D:3      | Found a stormy altar of Qazlal.
  1871 | D:3      | Found a radiant altar of Vehumet.
  1875 | D:3      | Noticed a centaur
  1893 | D:3      | Killed a centaur
  1893 | D:3      | Reached XP level 5. HP: 19/34 MP: 5/5
  2110 | D:3      | Noticed Gargoyl's ghost (average DsAK)
  2123 | D:3      | Killed Gargoyl's ghost
  2123 | D:3      | Reached skill level 5 in Fighting
  2123 | D:3      | Reached skill level 5 in Shields
  2123 | D:3      | Reached XP level 6. HP: 25/40 MP: 6/6
  2904 | D:4      | Reached XP level 7. HP: 9/44 MP: 7/7
  3162 | D:4      | Noticed Robin
  3198 | D:4      | Killed Robin
  3241 | D:4      | Noticed Grinder
  3371 | D:4      | Found a staircase to the Ecumenical Temple.
  3376 | Temple   | Entered the Ecumenical Temple
  3836 | D:4      | Paralysed by Grinder for 3 turns
  3852 | D:4      | Paralysed by Grinder for 3 turns
  3868 | Temple   | Killed Grinder
  3868 | Temple   | Acquired the Shining One's first power
  3868 | Temple   | Reached skill level 6 in Shields
  4122 | D:4      | Reached skill level 5 in Armour
  4236 | D:4      | Found a sacrificial altar of Ru.
  4278 | D:4      | Found a burning altar of Makhleb.
  4352 | D:4      | Noticed Edmund
  4384 | D:4      | Killed Edmund
  4384 | D:4      | Reached XP level 8. HP: 44/51 MP: 8/8
  4586 | D:5      | Entered Level 5 of the Dungeon
  4645 | D:5      | Found a shattered altar of Ashenzari.
  5436 | D:5      | Reached skill level 5 in Maces & Flails
  5572 | D:6      | Reached skill level 7 in Shields
  5748 | D:6      | Found a shadowy altar of Dithmenos.
  6214 | D:6      | Found an iron altar of Okawaru.
  6253 | D:6      | Reached XP level 9. HP: 50/57 MP: 9/9
  6321 | D:6      | Killed from afar by an orc priest

Vault maps used:
D:1:      minmay_arrival_stair_chambers, grunt_decor_mini_mirrors
D:2:      tso_metal_star, lightli_temple_of_fire
D:3:      nicolae_overflow_crystal_walls, gammafunk_temple_overflow_elements,
          ecumenical_altar_1, serial_curves, eino_curves_04, eino_curves_01,
          eino_curves_03, eino_curves_02, uniq_iyjb
D:4:      kennysheep_mini, temple_doors_e, first_bread,
          nicolae_ru_path_of_blood, uniq_edmund, uniq_grinder, uniq_robin
D:5:      lemuel_doored_altar
D:6:      okawaru_ov_weapons_minmay, kennysheep_mini_moat
Temple:   temple_eino_lava_8

Action                   |  1- 3 |  4- 6 |  7- 9 || total
-------------------------+-------+-------+-------++-------
Melee: Flail             |   134 |   184 |   262 ||   580
  Use: Scroll            |     3 |     2 |     9 ||    14
       Potion            |       |     3 |     1 ||     4
  Eat: Meat ration       |     1 |     1 |     2 ||     4
       Fruit             |       |       |     1 ||     1
       Pizza             |       |       |     1 ||     1
